 Dungeon Crawl Stone Soup version 0.32-a0-314-g526f7d4993 (webtiles) character file.

Game seed: 392398642736267623

2001984 RepHenryClay the Petrodigitator (level 27, 105/162 HPs)
             Began as a Deep Elf Conjurer on Feb 13, 2024.
             Was the Champion of Vehumet.
             Escaped with the Orb
             ... and 4 runes on Feb 15, 2024!
             The game lasted 03:11:48 (93145 turns).

RepHenryClay the Petrodigitator (DECj)             Turns: 93145, Time: 03:11:49

Health: 105/162    AC: 12    Str:  6    XL:     27
Magic:  43/51      EV: 37    Int: 42    God:    Vehumet [******]
Gold:   8191       SH:  0    Dex: 24    Spells: 25/70 levels left

rFire   + + +        a - staff of Grandeur {rN+ Conj Earth}
rCold   + + +        j - sphere of Battle
rNeg    + + +        X - +1 robe of Ornamental Music {rF+ rC+ Int+3}
rPois   .            u - +2 helmet {Int+3}
rElec   .            V - +0 cloak {rCorr}
rCorr   +            y - +1 pair of gloves of Experimentation {rF+ Dex+5}
SInv    .            Q - +2 pair of boots {Stlth+}
Will    +++..        E - amulet of regeneration
Stlth   ++           e - ring of the Unkillable {rF+ rC++ Int+6}
HPRegen 1.27/turn    l - ring "Quceamen" {*Corrode rN++ Will+ Int+2 Dex+2}
MPRegen 0.32/turn

%: corrode self (3%)
@: quite poisoned (105 -> 51), studying 4 skills
A: clumsy 1, dopey 1, MP-powered wands
0: Orb of Zot
}: 4/15 runes: barnacled, slimy, silver, gossamer
a: Renounce Religion


You escaped.
You worshipped Vehumet.
Vehumet was exalted by your worship.
You visited 12 branches of the dungeon, and saw 56 of its levels.
You visited 2 bazaars.
You also visited: Wizlab and Desolation.

You collected 11269 gold pieces.
You spent 3078 gold pieces at shops.

Inventory:

Armour
 j - the sphere of Battle (worn)
   (You took it off a vampire knight on level 3 of the Crypt)

   Battle:    It summons a battlesphere in combat, with strength depending on
   Conjurations skill.
   Destructive: It enhances your destructive magic, and weakens non-destructive
   magic.
 o - the +2 cloak "Loxki" {Dex+3}
   (You found it on level 3 of the Dungeon)

   Dex+3:     It affects your dexterity (+3).
 u - a +2 helmet of intelligence (worn)
 y - the +1 pair of gloves of Experimentation (worn) {rF+ Dex+5}
   (You found it on level 4 of the Spider Nest)

   Dex+5:     It affects your dexterity (+5).
   rF+:       It protects you from fire.
 D - a +2 cloak of willpower
 J - the crystal ball of Wucad Mu {*channel}
   (You acquired it on level 5 of the Pits of Slime)

   *Channel:  It often returns the magic spent to cast spells, but lowers their
   success rate.
   It always returns the magic spent on miscasts.
 Q - a +2 pair of boots of stealth (worn)
 V - a +0 cloak of preservation (worn)
 X - the +1 robe of Ornamental Music (worn) {rF+ rC+ Int+3}
   (You bought it in a shop on level 2 of the Orcish Mines)

   Int+3:     It affects your intelligence (+3).
   rF+:       It protects you from fire.
   rC+:       It protects you from cold.
Magical Staves
 a - the staff of Grandeur (weapon) {rN+ Conj Earth}
   (You took it off a deep elf death mage on level 3 of the Elven Halls)

   [staff of conjuration]

   Base accuracy: +5 Base damage: 5 Base attack delay: 1.2 This weapon's minimum
   attack delay (0.6) is reached at skill level 12.
   rN+:       It protects you from negative energy.
   Conj:      It increases the power of your Conjurations spells.
   Earth:     It increases the power of your Earth spells.
   It falls into the 'Staves' category.
   It is a one-handed weapon.
 F - a staff of fire
Jewellery
 e - the ring of the Unkillable (left hand) {rF+ rC++ Int+6}
   (You took it off a servant of whispers in the Desolation of Salt)

   [ring of intelligence]

   Int+6:     It affects your intelligence (+6).
   rF+:       It protects you from fire.
   rC++:      It greatly protects you from cold.
 k - a ring of resist corrosion
 l - the ring "Quceamen" (right hand) {*Corrode rN++ Will+ Int+2 Dex+2}
   (You found it on level 2 of the Dungeon)

   [ring of willpower]

   Int+2:     It affects your intelligence (+2).
   Dex+2:     It affects your dexterity (+2).
   rN++:      It greatly protects you from negative energy.
   Will+:     It increases your willpower.
   *Corrode:  It may corrode you when you take damage.
 p - the ring of the Bursting Messenger {rPois Dex+3 SInv}
   (You found it on level 1 of the Realm of Zot)

   [ring of see invisible]

   Dex+3:     It affects your dexterity (+3).
   rPois:     It protects you from poison SInv: It lets you see invisible.
 B - the ring "Archeis Hiog" {Wiz rPois}
   (You found it on level 5 of the Pits of Slime)

   [ring of wizardry]

   Wiz:       It improves your spell success rate.
   rPois:     It protects you from poison
 C - a ring of protection from fire
 E - an amulet of regeneration (around neck)
 I - the ring of Discretion {rPois rC+ Stlth+}
   (You took it off a vampire knight on level 3 of the Crypt)

   [ring of protection from cold]

   rC+:       It protects you from cold.
   rPois:     It protects you from poison Stlth+: It makes you more stealthy.
 N - the ring of Polytheism {Fly Int+6}
   (You took it off a ragged hierophant in the Desolation of Salt)

   [ring of intelligence]

   Int+6:     It affects your intelligence (+6).
   Fly:       It grants you flight.
 T - the ring "Tiomp" {rPois rC+++ Str+3 Int-5 SInv}
   (You took it off a servant of whispers in the Desolation of Salt)

   [ring of poison resistance]

   Str+3:     It affects your strength (+3).
   Int-5:     It affects your intelligence (-5).
   rC+++:     It renders you almost immune to cold.
   rPois:     It protects you from poison SInv: It lets you see invisible.
Wands
 c - a wand of mindburst (89)
 q - a wand of light (12)
 r - a wand of digging (15)
 x - a wand of iceblast (45)
 U - a wand of charming (51)
Scrolls
 b - 5 scrolls of revelation
 f - 6 scrolls of fear
 h - 7 scrolls of immolation
 m - 24 scrolls of teleportation
 n - 17 scrolls of amnesia
 v - 16 scrolls of fog
 z - 5 scrolls of brand weapon
 A - 10 scrolls of enchant weapon
 H - 12 scrolls of enchant armour
 K - 6 scrolls of blinking
 Z - a scroll of summoning
Potions
 d - 8 potions of magic
 g - 12 potions of ambrosia
 i - 5 potions of resistance
 s - 18 potions of curing
 t - 13 potions of heal wounds
 w - 14 potions of haste
 G - 4 potions of enlightenment
 L - 8 potions of mutation
 M - 9 potions of invisibility
 O - 2 potions of cancellation
 R - 16 potions of brilliance
 W - 9 potions of might
Miscellaneous
 P - a sack of spiders
 S - a phial of floods
 Y - a lightning rod (4/4)


   Skills:
 + Level 13.8 Fighting
 - Level 10.0 Short Blades
 - Level 12.0 Staves
 - Level 1.7 Armour
 O Level 27 Dodging
 - Level 10.0 Stealth
 - Level 3.1 Shields
 - Level 22.0 Spellcasting
 O Level 27 Conjurations
 - Level 3.0 Translocations
 O Level 27 Earth Magic
 - Level 15.0 Evocations


You had 25 spell levels left.
You knew the following spells:

 Your Spells              Type           Power      Damage    Failure   Level
a - Bombard               Conj/Erth      100%       9d16      0%          6
b - Searing Ray           Conj           100%       2d8       0%          2
c - Iskenderun's Mystic   Conj/Tloc      100%       2d19      0%          4
d - Mephitic Cloud        Conj/Alch/Air  100%       N/A       1%          3
e - Magic Dart            Conj           100%       1d8       0%          1
f - Lee's Rapid Deconstr  Erth           93%        3d41*     0%          5
g - Orb of Destruction    Conj           93%        9d20      0%          7
h - Lehudib's Crystal Sp  Conj/Erth      100%       10d22     1%          8
i - Shatter               Erth           93%        3d67*     1%          9

Your spell library contained the following spells:

 Spells                   Type           Power      Damage    Failure   Level
 Ignition                 Fire           31%        3d10      99%         8
 Maxwell's Capacitive Co  Air            31%        ∞         99%         8
 Foxfire                  Conj/Fire      100%       2x1d9     0%          1
 Sandblast                Erth           100%       2d20      0%          1
 Shock                    Conj/Air       100%       1d9       0%          1
 Static Discharge         Conj/Air       100%       3-8/arc   0%          2
 Dazzling Flash           Conj/Hex       100%       N/A       0%          3
 Hailstorm                Conj/Ice       100%       3d16      0%          3
 Passwall                 Erth           100%       N/A       0%          3
 Stone Arrow              Conj/Erth      100%       3d13      0%          3
 Brom's Barrelling Bould  Conj/Erth      100%       2d11      0%          4
 Flame Wave               Conj/Fire      100%       2d21      0%          4
 Fulminant Prism          Conj/Alch      75%        3d31      0%          4
 Iskenderun's Battlesphe  Conj           100%       2d15      0%          5
 Apportation              Tloc           70%        N/A       1%          1
 Freeze                   Ice            100%       1d10      1%          1
 Slow                     Hex            92%        N/A       1%          1
 Call Imp                 Summ           46%        N/A       1%          2
 Cigotuvi's Dreadful Rot  Necr/Alch/Air  46%        N/A       1%          2
 Ensorcelled Hibernation  Hex/Ice        46%        N/A       1%          2
 Jinxbite                 Hex            46%        N/A       1%          2
 Mercury Vapours          Alch/Air       100%       N/A       1%          2
 Scorch                   Fire           100%       2d9       1%          2
 Sublimation of Blood     Necr           23%        N/A       1%          2
 Call Canine Familiar     Summ           23%        N/A       1%          3
 Confusing Touch          Hex            23%        N/A       1%          3
 Frozen Ramparts          Ice            100%       1d16      1%          3
 Fugue of the Fallen      Necr           23%        N/A       1%          3
 Gell's Gravitas          Tloc           35%        N/A       1%          3
 Inner Flame              Hex/Fire       62%        N/A       1%          3
 Ozocubu's Armour         Ice            23%        N/A       1%          3
 Sigil of Binding         Hex            23%        N/A       1%          3
 Summon Ice Beast         Ice/Summ       23%        N/A       1%          3
 Swiftness                Air            23%        N/A       1%          3
 Teleport Other           Tloc           35%        N/A       1%          3
 Tukima's Dance           Hex            23%        N/A       1%          3
 Vampiric Draining        Necr           23%        2d7       1%          3
 Volatile Blastmotes      Fire/Tloc      100%       2d18      1%          3
 Airstrike                Air            31%        2d(5-21)  1%          4
 Animate Armour           Summ/Erth      100%       N/A       1%          4
 Ignite Poison            Fire/Alch      62%        N/A       1%          4
 Leda's Liquefaction      Alch/Erth      51%        N/A       1%          4
 Passage of Golubria      Tloc           35%        N/A       1%          4
 Petrify                  Alch/Erth      100%       N/A       1%          4
 Sticky Flame             Fire/Alch      62%        2d10      1%          4
 Arcjolt                  Conj/Air       75%        1d85      1%          5
 Borgnjor's Vile Clutch   Necr/Erth      51%        N/A       1%          5
 Fireball                 Conj/Fire      75%        3d28      1%          5
 Freezing Cloud           Conj/Ice/Air   67%        6-21      1%          5
 Irradiate                Conj/Alch      75%        3d36      1%          5
 Conjure Ball Lightning   Conj/Air       75%        3x3d28    1%          6
 Starburst                Conj/Fire      75%        6d19      1%          6
 Dimensional Bullseye     Hex/Tloc       14%        N/A       2%          4
 Yara's Violent Unravell  Hex/Alch       31%        3d13      3%          5
 Anguish                  Hex/Necr       11%        N/A       4%          4
 Animate Dead             Necr           23%        N/A       4%          4
 Cause Fear               Hex            11%        N/A       4%          4
 Dispel Undead            Necr           23%        3d12      4%          4
 Martyr's Knell           Necr/Summ      23%        N/A       4%          4
 Summon Lightning Spire   Summ/Air       23%        N/A       4%          4
 Summon Forest            Summ/Tloc      14%        N/A       7%          5
 Alistair's Intoxication  Alch           15%        N/A       12%         5
 Curse of Agony           Necr           23%        N/A       12%         5
 Silence                  Hex/Air        11%        N/A       12%         5
 Summon Mana Viper        Hex/Summ       23%        N/A       12%         5
 Eringya's Noxious Bog    Alch           31%        4d6       17%         6
 Plasma Beam              Fire/Air       31%        2x1d44    17%         6
 Dispersal                Tloc           17%        N/A       21%         6
 Chain Lightning          Conj/Air       75%        3d100     41%         9
 Fire Storm               Conj/Fire      75%        8d19      41%         9
 Death Channel            Necr           11%        N/A       56%         6
 Sculpt Simulacrum        Ice/Alch       11%        N/A       56%         6
 Summon Cactus Giant      Summ           11%        N/A       56%         6
 Ozocubu's Refrigeration  Ice            31%        4d14      65%         7
 Malign Gateway           Summ/Tloc      14%        N/A       90%         7
 Enfeeble                 Hex            11%        N/A       98%         7
 Haunt                    Necr/Summ      11%        N/A       98%         7
 Summon Hydra             Summ           11%        N/A       98%         7
 Borgnjor's Revivificati  Necr           11%        N/A       100%        8
 Discord                  Hex            11%        N/A       100%        8
 Infestation              Necr           11%        N/A       100%        8
 Summon Horrible Things   Summ           11%        N/A       100%        8
 Death's Door             Necr           11%        N/A       100%        9
 Dragon's Call            Summ           11%        N/A       100%        9
 Polar Vortex             Ice            31%        12d4*     100%        9


Dungeon Overview and Level Annotations

Branches:
Dungeon (15/15)            Temple (1/1) D:6            Lair (5/5) D:10
 Shoals (4/4) Lair:2       Spider (4/4) Lair:2        Slime (5/5) Lair:4
    Orc (2/2) D:9             Elf (3/3) Orc:2        Vaults (5/5) D:13
  Crypt (3/3) Vaults:3       Tomb (0/3) Crypt:3      Depths (4/4) D:15
    Zot (5/5) Depths:4     WizLab (visited)         Desolation (visited)

Altars:
Ashenzari
Cheibriados
Dithmenos
Elyvilon
Fedhas
Gozag
Hepliaklqana
Kikubaaqudgha
Makhleb
Nemelex Xobeh
Okawaru
Qazlal
Ru
Sif Muna
Trog
Uskayaw
Vehumet
Wu Jian
Xom
Yredelemnul
Zin
The Shining One
Beogh
Jiyva

Shops:
D:3 (   D:7 *?[(   Orc:2 !**[(?=?   Elf:1 =   Vaults:2 [   Vaults:3 *
Vaults:4 ([(   Vaults:5 !!!?[=   Depths:2 (   Depths:4 *

Portals:
Hell: Depths:1 Depths:2 Depths:3 Depths:4
Abyss: Depths:2 Depths:3
Pandemonium: Depths:1 Depths:2
Ziggurat: Depths:2

Annotations:
Elf:1 good ring
Elf:2 3 runed translucent doors
Zot:1 1 transporter


Innate Abilities, Weirdness & Mutations

You are clumsy. (Dex -2)
You are dopey. (Int -2)
You expend magic power (3 MP) to strengthen your wands.


Message History

The sun demon is knocked back by the mystic blast.
The mystic blast hits the sun demon!
The sun demon is severely wounded.
The sun demon is knocked back by the mystic blast.
Your battlesphere fires!
The barrage of energy hits the Brimstone Fiend.
You kill the Brimstone Fiend!
Vehumet accepts your kill.
You feel your power returning.
You climb upwards.
Your summoned ally is left behind.
Your battlesphere wavers and loses cohesion.
There is a stone staircase leading down here.
What level of the Dungeon? (default 1, ? - help) HP restored.
There is a stone staircase leading up here.
You climb upwards.
There is a stone staircase leading down here.
What level of the Dungeon? (default 1, ? - help)
Okay, then.
A green death comes into view.
You conjure a globe of magical energy.
The green death gestures at you. The poison arrow hits you!!
You are poisoned.
Damage: -19%(-32hp) hp: 81%(130hp)
You feel very sick.
Damage: -3%(-4hp) hp: 78%(126hp)
You feel very sick. The green death gestures at you.
The blast of poison engulfs your battlesphere.
Your battlesphere completely resists.
There is a staircase leading out of the dungeon here.
Damage: -2%(-3hp) hp: 76%(123hp)
You are engulfed in poison gas.
You are more poisoned.
You feel extremely sick. The green death gestures at you.
The poison arrow hits you!
You are more poisoned.
You have escaped!

.#......# #.......÷÷..# #.#
...#.#..# #..÷........# ##.##
#.......# #.ß..ß.ß..ß.#####...##
..#...#.## #...........#........#
....#....# #...........#........#
..#..÷#..###...........#........###
#.........##..*........#...#.......
...#.#.##.##...○○°.....#........###
.#.....##......○°@.....÷..###...#
....#.######...2○○.....#........###
.#....# #..○........##.......##.
...#.## #...........#......÷###.
.....# #...........######.####.
#.###### #...........######.#....
#......## #.ß..ß.ß..ß.#......)....
........# #..÷....÷...######.#....
#.#.##..# #..÷....÷÷..# ##...#.#.


You could see a green death (ally target) and a friendly battlesphere.

Vanquished Creatures
  the Royal Jelly (Slime:5)
  Dissolution (Slime:4)
  Tiamat (Zot:4)
  8 orbs of fire
  6 dread liches
  2 ancient liches (Zot:5)
  Mara (Shoals:3)
  A juggernaut (Depths:4)
  Xtahua (Crypt:3)
  A royal mummy (Crypt:2)
  Bai Suzhen (Shoals:3)
  4 Killer Klowns
  Parghit (Zot:2)
  Saint Roka (Vaults:1)
  3 curse toes
  The ghost of Joextigh the Crack Shot, a veteran KoHu of Okawaru (Vaults:4)
  8 golden dragons
  Norris (Depths:3)
  2 bone dragons
  A Brimstone Fiend (D:3)
  4 electric golems
  17 tentacled monstrosities
  A Tzitzimitl (D:6)
  2 shard shrike zombies (Crypt:3)
  Rupert (D:14)
  A walking crystal tome (Depths:2)
  Zenata (Crypt:3)
  Mlioglotl (Spider:1)
  A lich (Depths:2)
  Jorgrun (D:14)
  9 quicksilver dragons
  4 deep elf blademasters
  27 Orb Guardians
  Asterion (Spider:1)
  10 titans
  4 deep elf master archers
  Polyphemus (Shoals:3)
  14 acid blobs
  4 death cobs
  2 ancient champions
  6 sphinxes
  A thorn hunter (WizLab)
  Roxanne (Spider:1)
  8 shadow dragons
  14 azure jellies
  3 revenants
  3 tengu reavers
  Agnes (Spider:1)
  15 storm dragons
  15 rockslimes
  2 draconian monks
  4 draconian knights
  7 fire giants
  3 fenstrider witches (WizLab)
  3 iron dragons
  6 frost giants
  14 vault wardens
  5 draconian shifters
  9 deep elf sorcerers
  2 imperial myrmidons (Desolation)
  5 draconian scorchers
  6 emperor scorpions
  7 deep elf elementalists (Elf:3)
  A balrug (D:3)
  7 ghost moths
  2 curse skulls (Crypt:1)
  A cacodemon (D:8)
  5 ghouls
  6 draconian stormcallers
  A draconian annihilator (Zot:1)
  10 ironbound preservers
  17 vampire knights
  2 reapers
  8 quicksilver oozes
  41 very ugly things
  13 stone giants
  3 broodmothers
  6 green draconians
  9 formless jellyfish
  4 ironbound thunderhulks
  4 eleionomae
  6 purple draconians
  8 white draconians
  5 black draconians
  9 deep elf demonologists
  18 dire elephants
  9 red draconians
  5 yellow draconians
  7 deep elf annihilators
  9 deep elf death magi
  3 war gargoyles
  8 spark wasps
  An eidolon (Crypt:3)
  A crystal guardian (Vaults:3)
  7 fire dragons
  10 entropy weavers
  11 ettins
  5 merfolk javelineers
  A shambling mangrove (WizLab)
  9 yaktaur captains
  6 deep elf high priests
  2 quicksilver dragon zombies
  8 jiangshi
  A fenstrider witch zombie (Crypt:3)
  2 ragged hierophants (Desolation)
  10 merfolk impalers
  Josephine (D:14)
  9 servants of whispers (Desolation)
  8 great orbs of eyes
  Erolcha (Orc:1)
  2 rakshasas (D:15)
  2 hell beasts
  5 ice dragons
  4 spriggan air magi
  10 ironbound frosthearts
  7 hydras
  8 peacekeepers
  11 ogre magi
  35 vault guards
  An alligator snapping turtle (Shoals:1)
  3 catoblepae
  5 radroaches
  2 jorogumos (Spider:4)
  26 centaur warriors
  A death knight (D:14)
  14 dancing weapons
  8 death yaks
  11 merfolk aquamancers
  A sphinx skeleton (Depths:2)
  9 deep troll earth magi
  6 satyrs
  14 tengu warriors
  37 two-headed ogres
  12 boulder beetles
  9 deep troll shamans
  9 demonic crawlers
  9 vampire magi
  An orc high priest (Orc:1)
  A shock serpent (shapeshifter) (Vaults:5)
  Urug (D:12)
  8 spriggan berserkers
  12 hell knights
  5 soul eaters
  8 deep elf knights
  Sonja (D:11)
  10 sun demons
  2 naga sharpshooters (WizLab)
  9 skysharks
  A golden dragon zombie (Depths:2)
  11 iron trolls
  A cherub (Zot:2)
  A sea snake (shapeshifter) (Vaults:5)
  3 sixfirhies
  8 pharaoh ants
  45 skeletal warriors
  4 arcanists
  2 sun moths
  A flayed ghost (Crypt:2)
  A glowing orange brain (shapeshifter) (Vaults:4)
  4 glowing orange brains
  A bunyip zombie (Crypt:1)
  2 anaconda zombies
  16 deep elf archers
  15 sea snakes
  7 orb spiders
  A spriggan simulacrum (Crypt:2)
  An orb spider (shapeshifter) (Elf:3)
  23 ironbound convokers
  16 lindwurms
  22 deep trolls
  A bunyip skeleton (Crypt:2)
  2 lindwurms (shapeshifter)
  26 deep elf pyromancers
  19 phantasmal warriors
  8 necromancers
  5 orc knights
  14 steelbarb worms
  15 deep elf zephyrmancers
  28 harpies
  A stone giant zombie (Crypt:2)
  A tengu zombie (Depths:2)
  4 shining eyes
  26 wolf spiders
  3 orc sorcerers
  59 ugly things
  11 cyclopes
  5 oklob plants
  16 manticores
  Maurice (D:8)
  An alligator skeleton (Crypt:3)
  A salamander (shapeshifter) (Vaults:5)
  An iron dragon zombie (Crypt:1)
  19 moths of wrath
  15 meliai
  18 fauns
  A meliai (shapeshifter) (D:14)
  16 vault sentinels
  Joseph (D:7)
  16 elephants
  4 merfolk sirens
  2 guardian serpents (Desolation)
  8 torpor snails
  6 black mambas
  A water nymph (shapeshifter) (D:15)
  5 eyes of devastation
  6 kobold blastminers
  2 centaur zombies (Crypt:3)
  3 rust devils (Depths:3)
  11 cane toads
  21 water nymphs
  A stone giant skeleton (Crypt:1)
  6 molten gargoyles
  An alligator snapping turtle zombie (Crypt:3)
  4 smoke demons
  A gargoyle (D:13)
  An orange demon (D:8)
  3 kobold demonologists
  2 unseen horrors
  Maggie (D:7)
  An orb spider zombie (Crypt:3)
  A white draconian zombie (Crypt:1)
  4 rime drakes
  33 yaktaurs
  A redback zombie (Crypt:3)
  3 dire elephant skeletons
  3 freezing wraiths
  5 komodo dragons
  An ice devil (Depths:3)
  2 tormentors (Depths:3)
  A hydra zombie (Crypt:3)
  2 red devils (Depths:3)
  9 guardian mummies
  A tengu conjurer (Depths:2)
  8 trolls
  A queen bee (shapeshifter) (D:14)
  2 hornets
  A moth of wrath zombie (Crypt:3)
  3 polar bears
  3 hellwings (Depths:3)
  A sea snake skeleton (Crypt:1)
  2 harpy skeletons
  15 wind drakes
  A hydra skeleton (Crypt:1)
  30 tarantellas
  4 glass eyes
  A fire dragon zombie (Crypt:3)
  23 merfolk
  12 dream sheep
  62 saltlings (Desolation)
  6 snapping turtles
  A jumping spider (shapeshifter) (D:13)
  3 shadows (D:11)
  9 air elementals
  22 jumping spiders
  20 culicivoras
  A spriggan (Depths:1)
  136 slime creatures
  A slime creature zombie (Crypt:2)
  A wyvern (Lair:1)
  2 centaur simulacra (Crypt:1)
  A ynoxinul (Depths:3)
  15 wraiths
  A yak (shapeshifter) (Elf:2)
  30 water elementals
  3 humans (D:13)
  3 steam dragons
  38 yaks
  3 vampires
  A black mamba skeleton (Crypt:1)
  2 golden eyes (Slime:3)
  2 fire elementals
  66 redbacks
  3 basilisks
  A warg (Orc:2)
  2 golden eyes (shapeshifter)
  A neqoxec (Depths:3)
  Grum (D:11)
  A chaos spawn (Depths:3)
  10 vampire mosquitoes
  An acid dragon (D:11)
  A swamp worm (shapeshifter) (Vaults:3)
  An acid dragon (shapeshifter) (Vaults:5)
  A naga zombie (Crypt:1)
  11 water moccasins
  A deep troll skeleton (Crypt:2)
  A faun zombie (Crypt:1)
  A hydra simulacrum (Crypt:1)
  21 orc warriors
  A glowing shapeshifter skeleton (Crypt:1)
  A black bear (shapeshifter) (Depths:2)
  An ice beast (D:5)
  A black bear (Lair:5)
  A boggart (D:14)
  An ettin simulacrum (Crypt:1)
  12 laughing skulls
  43 ogres
  7 wolves
  10 centaurs
  A phantom (D:4)
  Blork the orc (D:4)
  5 kobold brigands
  2 necrophages (Crypt:3)
  11 bullfrogs
  3 earth elementals
  4 scorpions
  4 wights (D:9)
  A cyclops skeleton (Crypt:1)
  A polar bear skeleton (Crypt:3)
  6 killer bees (D:8)
  A yak skeleton (Crypt:2)
  4 electric eels
  6 howler monkeys
  6 hounds
  15 orc priests
  4 jellies
  A bullfrog skeleton (Crypt:3)
  2 gnoll boudas
  An iguana (D:6)
  2 sleepcaps (D:4)
  Jessica (D:2)
  19 orc wizards
  A boggart zombie (Crypt:2)
  An ice beast zombie (Crypt:1)
  A boggart simulacrum (D:14)
  A hound skeleton (Crypt:1)
  9 mummies
  Robin (D:4)
  5 gnolls (D:4)
  9 adders
  A swamp drake zombie (Crypt:2)
  A shadow imp (D:6)
  A ribbon worm zombie (Crypt:2)
  5 white imps
  2 ufetubi (D:7)
  An iguana zombie (Crypt:1)
  2 dart slugs
  3 ribbon worms
  59 orcs
  2 bats (D:1)
  13 endoplasms
  3 giant cockroaches
  A gnoll zombie (Crypt:2)
  16 goblins
  7 hobgoblins
  11 jackals
  2 quokkas
  8 ball pythons
  6 frilled lizards
  24 kobolds
  3 rats
2579 creatures vanquished.

Vanquished Creatures (others)
  An eldritch tentacle (Zot:5)
  A draconian knight (Zot:2)
2 creatures vanquished.

Grand Total: 2581 creatures vanquished

Notes
Turn   | Place    | Note
-------+----------+-------------------------------------------
     0 | D:1      | RepHenryClay the Deep Elf Conjurer began the quest for the
                  | Orb.
     0 | D:1      | Reached XP level 1. HP: 10/10 MP: 6/6
   273 | D:1      | Reached XP level 2. HP: 15/15 MP: 5/8
   390 | D:1      | Reached skill level 5 in Conjurations
   756 | D:1      | Reached XP level 3. HP: 19/19 MP: 9/9
  1483 | D:2      | Identified the ring "Quceamen" {*Corrode rN++ Will+ Int+2
                  | Dex+2}
  1508 | D:2      | Found a basalt altar of Yredelemnul.
  1508 | D:2      | Found a stormy altar of Qazlal.
  1508 | D:2      | Found a blossoming altar of Fedhas.
  1508 | D:2      | Found a glowing silver altar of Zin.
  1508 | D:2      | Found an opulent altar of Gozag.
  1508 | D:2      | Found a stormy altar of Qazlal.
  1521 | D:2      | Reached XP level 4. HP: 24/24 MP: 4/10
  1528 | D:2      | Learned a level 2 spell: Searing Ray
  1533 | D:2      | Learned a level 4 spell: Iskenderun's Mystic Blast
  1614 | D:2      | Reached skill level 1 in Translocations
  1673 | D:2      | Reached XP level 5. HP: 28/28 MP: 3/11
  2292 | D:2      | Noticed Jessica
  2296 | D:2      | Killed Jessica
  2662 | D:3      | Identified the +2 cloak "Loxki" {Dex+3}
  2889 | D:3      | Found Oxe Afu's Antique Weapon Shoppe.
  2936 | D:3      | Found a snail-covered altar of Cheibriados.
  2958 | D:3      | Identified the +1 leather armour of Ipuoguxi {rCorr}
  3133 | D:3      | Found a white marble altar of Elyvilon.
  3134 | D:3      | Found a hide-covered altar of Uskayaw.
  3351 | D:4      | Reached XP level 6. HP: 32/32 MP: 8/13
  3570 | D:4      | Noticed Robin
  3581 | D:4      | Killed Robin
  4138 | D:4      | Reached skill level 5 in Dodging
  4138 | D:4      | Reached XP level 7. HP: 36/36 MP: 5/16
  4351 | D:4      | Reached skill level 5 in Spellcasting
  4537 | D:4      | Noticed Blork the orc
  4550 | D:4      | Killed Blork the orc
  4886 | D:4      | Found a hazy altar of Hepliaklqana.
  4888 | D:4      | Found a faded altar of an unknown god.
  5381 | D:4      | Found a bloodstained altar of Trog.
  5468 | D:5      | Entered Level 5 of the Dungeon
  5473 | D:5      | Learned a level 3 spell: Mephitic Cloud
  5512 | D:5      | Reached XP level 8. HP: 41/41 MP: 7/19
  5608 | D:5      | Noticed a two-headed ogre
  5620 | D:5      | Killed a two-headed ogre
  6114 | D:5      | Found an iron altar of Okawaru.
  6433 | D:6      | Found a staircase to the Ecumenical Temple.
  6455 | Temple   | Entered the Ecumenical Temple
  6466 | Temple   | Became a worshipper of Vehumet
  6494 | D:6      | Reached XP level 9. HP: 31/45 MP: 8/20
  6591 | D:6      | Reached skill level 5 in Short Blades
  6677 | D:6      | Found a transporter.
  6893 | D:6      | Found a transporter.
  7157 | D:7      | Found Fonyd's Antique Weapon Shoppe.
  7193 | D:7      | Noticed Joseph
  7206 | D:7      | Killed Joseph
  7415 | D:7      | Found Oplonug's Antique Armour Shoppe.
  7415 | D:7      | Noticed Maggie
  7432 | D:7      | Killed Maggie
  7433 | D:7      | Reached skill level 10 in Conjurations
  7680 | D:7      | Found Vuaduf's Magic Scroll Boutique.
  7686 | D:7      | Bought a scroll of teleportation for 33 gold pieces
  7686 | D:7      | Bought a scroll of identify for 22 gold pieces
  7686 | D:7      | Bought a scroll of identify for 22 gold pieces
  7686 | D:7      | Bought a scroll of amnesia for 44 gold pieces
  7717 | D:7      | Found Docyi's Assorted Antiques.
  7798 | D:7      | Bought a scroll of poison for 44 gold pieces
  7798 | D:7      | Bought a scroll of vulnerability for 44 gold pieces
  7798 | D:7      | Bought a scroll of enchant armour for 82 gold pieces
  7798 | D:7      | Identified a scroll of acquirement
  7808 | D:7      | Acquired a staff of conjuration
  7844 | D:8      | Found an ornate altar of the Wu Jian Council.
  7854 | D:8      | Reached skill level 10 in Dodging
  7923 | D:8      | Reached skill level 5 in Stealth
  8201 | D:8      | Noticed a two-headed ogre
  8216 | D:8      | Killed a two-headed ogre
  8217 | D:8      | Reached XP level 10. HP: 39/50 MP: 12/21
  8289 | D:8      | Reached * piety under Vehumet
  8289 | D:8      | Offered knowledge of Kiss of Death by Vehumet.
  8378 | D:8      | Noticed a two-headed ogre
  8395 | D:8      | Killed a two-headed ogre
  8458 | D:8      | Noticed Maurice
  8462 | D:8      | Maurice stole a ring of fire
  8468 | D:8      | Killed Maurice
  8544 | D:8      | Found a glowing golden altar of the Shining One.
  8544 | D:8      | Found a shadowy altar of Dithmenos.
  8923 | D:8      | Found a basalt altar of Yredelemnul.
  9405 | D:9      | Noticed a two-headed ogre
  9409 | D:9      | Killed a two-headed ogre
  9943 | D:9      | Offered knowledge of Foxfire by Vehumet.
  9945 | D:9      | Reached ** piety under Vehumet
 10076 | D:9      | Found a staircase to the Orcish Mines.
 10116 | D:9      | Reached XP level 11. HP: 49/54 MP: 5/22
 10246 | D:9      | Identified the +1 cloak of the Tanner {rN+ Str-2 Dex+6}
 10331 | D:10     | Entered Level 10 of the Dungeon
 10424 | D:10     | Found a staircase to the Lair.
 10704 | D:10     | Found a broken altar of Ashenzari.
 10748 | D:10     | Found a sparkling altar of Nemelex Xobeh.
 10961 | D:10     | Offered knowledge of Hailstorm by Vehumet.
 11052 | D:10     | Reached *** piety under Vehumet
 11171 | D:10     | Found a sacrificial altar of Ru.
 11351 | Lair:1   | Entered Level 1 of the Lair of Beasts
 13001 | Lair:2   | Found a hole to the Spider Nest.
 13020 | Lair:2   | Reached skill level 15 in Dodging
 13178 | Lair:2   | Found a staircase to the Shoals.
 13411 | Lair:2   | Reached XP level 12. HP: 59/59 MP: 13/23
 13808 | Lair:3   | Noticed a four-headed hydra
 13818 | Lair:3   | Offered knowledge of Flame Wave by Vehumet.
 14044 | Lair:3   | Noticed a six-headed hydra
 14053 | Lair:3   | Learned a level 6 spell: Bombard
 14261 | Lair:3   | Reached skill level 1 in Earth Magic
 14459 | Lair:3   | Killed a six-headed hydra
 14661 | Lair:3   | Killed a four-headed hydra
 14770 | Lair:3   | Reached skill level 5 in Earth Magic
 15779 | Lair:4   | Learned a level 5 spell: Lee's Rapid Deconstruction
 15943 | Lair:4   | Upgraded the game from 0.32-a0-172-gc5dd13f2a7 to
                  | 0.32-a0-290-g598725c5f2
 16348 | Lair:4   | Identified the +7 war axe "Kar Jea" {speed, Dex+3}
 16730 | Lair:4   | Reached skill level 10 in Earth Magic
 16958 | Lair:4   | Found a viscous altar of Jiyva.
 17054 | Lair:5   | Entered Level 5 of the Lair of Beasts
 17172 | Lair:5   | Reached skill level 15 in Conjurations
 17199 | Lair:5   | Reached skill level 1 in Armour
 17519 | Lair:5   | Reached XP level 13. HP: 63/63 MP: 17/25
 17857 | Lair:4   | Reached **** piety under Vehumet
 18511 | Lair:5   | Offered knowledge of Arcjolt by Vehumet.
 18545 | Lair:5   | Reached skill level 10 in Spellcasting
 20276 | Lair:5   | Got the Dissertation on the Fifth Circle
 20708 | Orc:1    | Entered Level 1 of the Orcish Mines
 20774 | D:9      | Acquired a +2 pair of boots of stealth
 21447 | Orc:2    | Entered Level 2 of the Orcish Mines
 21908 | Orc:1    | Noticed Erolcha
 22053 | Orc:2    | Reached skill level 15 in Spellcasting
 22055 | Orc:2    | Reached ***** piety under Vehumet
 22055 | Orc:2    | Offered knowledge of Yara's Violent Unravelling by Vehumet.
 22058 | Orc:2    | Reached skill level 1 in Fighting
 22058 | Orc:2    | Reached XP level 14. HP: 70/70 MP: 27/35
 23046 | Orc:2    | Found Miczoirutu's Distillery.
 23047 | Orc:2    | Found Wyntaud's General Store.
 23067 | Orc:2    | Found Fizof's General Store.
 23067 | Orc:2    | Found Demuss's Antique Weapon Shop.
 23067 | Orc:2    | Found Pojood's Armour Shop.
 23067 | Orc:2    | Found Biaha's Magic Scroll Shoppe.
 23599 | Orc:2    | Bought a potion of might for 64 gold pieces
 23600 | Orc:2    | Bought the +1 robe of Ornamental Music {rF+ rC+ Int+3} for
                  | 495 gold pieces
 23666 | Orc:2    | Found a staircase to the Elven Halls.
 23848 | Orc:2    | Found Sant's Jewellery Boutique.
 23972 | Orc:2    | Found Eddemaol's Magic Scroll Boutique.
 23975 | Orc:2    | Bought a scroll of revelation for 90 gold pieces
 23975 | Orc:2    | Bought a scroll of blinking for 90 gold pieces
 23975 | Orc:2    | Bought a scroll of blinking for 90 gold pieces
 24201 | Orc:1    | Killed Erolcha
 25123 | Orc:1    | Reached skill level 5 in Fighting
 25295 | Orc:2    | Bought an ancient rapier for 270 gold pieces
 25295 | Orc:2    | Identified the +7 rapier "Kicempedu" {flame, *Slow rC+ rN+
                  | Str+3} (You bought it in a shop on level 2 of the Orcish
                  | Mines)
 25897 | D:11     | Noticed Grum
 25902 | D:11     | Killed Grum
 25990 | D:11     | Offered knowledge of Orb of Destruction by Vehumet.
 26000 | D:11     | Learned a level 7 spell: Orb of Destruction
 26078 | D:11     | Acquired a staff of earth
 26244 | D:11     | Noticed Sonja
 26251 | D:11     | Killed Sonja
 26558 | D:12     | Noticed Urug
 26562 | D:12     | Killed Urug
 26563 | D:12     | Reached XP level 15. HP: 82/82 MP: 24/36
 26668 | D:12     | You fall into a shaft and drop 1 floor!
 29106 | D:13     | Found a gate to the Vaults.
 29456 | D:14     | Noticed Rupert
 30165 | D:14     | Killed Rupert
 30218 | D:14     | Noticed Josephine
 30445 | D:14     | Killed Josephine
 30785 | D:14     | Noticed Jorgrun
 30789 | D:14     | Killed Jorgrun
 30860 | D:14     | Reached XP level 16. HP: 87/87 MP: 13/37
 31972 | D:15     | Entered Level 15 of the Dungeon
 32052 | D:15     | Reached skill level 1 in Shields
 32722 | D:15     | Offered knowledge of Conjure Ball Lightning by Vehumet.
 32868 | D:15     | Reached skill level 10 in Short Blades
 33563 | D:15     | Found a staircase to the Depths.
 33818 | Orc:2    | Bought a +2 cloak of willpower for 322 gold pieces
 33991 | Shoals:1 | Entered Level 1 of the Shoals
 36694 | Shoals:2 | Reached XP level 17. HP: 95/95 MP: 25/39
 36867 | Shoals:2 | Identified the +1 short sword "Yxutt" {flame, Will+ Dex+3}
 37150 | Shoals:3 | Noticed Polyphemus
 37250 | Shoals:3 | Offered knowledge of Fireball by Vehumet.
 37447 | Shoals:3 | Noticed Bai Suzhen
 37451 | Shoals:3 | Killed Bai Suzhen
 37723 | Shoals:3 | Killed Polyphemus
 37885 | Shoals:3 | Noticed Mara
 37950 | Shoals:3 | Noticed RepHenryClay's illusion
 38262 | Orc:2    | Bought a scroll of teleportation for 30 gold pieces
 38271 | Orc:2    | Bought a scroll of teleportation for 42 gold pieces
 38271 | Orc:2    | Bought a scroll of teleportation for 42 gold pieces
 38782 | Shoals:3 | Killed Mara
 39166 | Shoals:4 | Entered Level 4 of the Shoals
 39717 | Shoals:4 | Reached ****** piety under Vehumet
 39756 | Shoals:4 | Offered knowledge of Iskenderun's Battlesphere by Vehumet.
 40947 | Shoals:4 | Got Agouqatt's Tractate on Harmful Refrigeration
 40949 | Shoals:4 | Got a barnacled rune of Zot
 40953 | Shoals:4 | Got the Encyclopedia of Spellbinding Rime
 41419 | Shoals:4 | Reached XP level 18. HP: 105/105 MP: 29/42
 42236 | Shoals:4 | Upgraded the game from 0.32-a0-290-g598725c5f2 to
                  | 0.32-a0-306-gfed3edf829
 42380 | Spider:1 | Entered Level 1 of the Spider Nest
 42844 | Spider:1 | Offered knowledge of Ozocubu's Refrigeration by Vehumet.
 42959 | Spider:1 | Identified the granite talisman "Iro Hiug" {Fly Will+ Dex+3
                  | Slay-3}
 42959 | Spider:1 | Noticed Roxanne
 42964 | Spider:1 | Killed Roxanne
 43090 | Spider:1 | Noticed Mlioglotl
 43386 | Spider:1 | Noticed Asterion
 43393 | Spider:1 | Noticed Agnes
 43396 | Spider:1 | Killed Asterion
 43601 | Spider:1 | Killed Mlioglotl
 44107 | Spider:1 | Killed Agnes
 44349 | Spider:1 | Reached skill level 10 in Fighting
 45529 | Spider:2 | Offered knowledge of Lehudib's Crystal Spear by Vehumet.
 45705 | Spider:1 | Reached skill level 1 in Evocations
 45921 | Vaults:1 | Entered Level 1 of the Vaults
 45931 | Vaults:1 | Learned a level 8 spell: Lehudib's Crystal Spear
 46366 | Vaults:1 | Reached skill level 5 in Evocations
 46405 | Vaults:1 | Found a flickering gateway to a bazaar.
 46414 | Bazaar   | Entered a bazaar
 46414 | Bazaar   | Found Ovvuydum's Magic Scroll Emporium.
 46414 | Bazaar   | Found Ixzirete's Weapon Shoppe.
 46414 | Bazaar   | Found Syextok's Distillery.
 46414 | Bazaar   | Found Ypedes's Magic Scroll Emporium.
 46414 | Bazaar   | Found Uryhuej's Antique Weapon Shoppe.
 46470 | Bazaar   | Bought a potion of haste for 80 gold pieces
 46470 | Bazaar   | Bought a potion of haste for 80 gold pieces
 46470 | Bazaar   | Bought a potion of curing for 24 gold pieces
 46470 | Bazaar   | Bought a potion of curing for 24 gold pieces
 46470 | Bazaar   | Bought a potion of curing for 24 gold pieces
 46474 | Bazaar   | Bought a scroll of teleportation for 33 gold pieces
 46474 | Bazaar   | Bought a scroll of amnesia for 44 gold pieces
 46478 | Bazaar   | Bought a scroll of blinking for 82 gold pieces
 46478 | Bazaar   | Bought a scroll of fog for 44 gold pieces
 47434 | Vaults:1 | Noticed Saint Roka
 47580 | Vaults:1 | Killed Saint Roka
 48351 | Vaults:2 | Reached XP level 19. HP: 112/112 MP: 26/43
 48956 | Vaults:2 | Offered knowledge of Shatter by Vehumet.
 48956 | Vaults:2 | Offered knowledge of Ignition by Vehumet.
 48956 | Vaults:2 | Offered knowledge of Maxwell's Capacitive Coupling by
                  | Vehumet.
 49032 | Vaults:1 | Learned a level 9 spell: Shatter
 49167 | Vaults:2 | Found Huuch's Armour Shoppe.
 50832 | Vaults:2 | Bought a +2 helmet of intelligence for 365 gold pieces
 51459 | Vaults:3 | Noticed a bone dragon
 51464 | Vaults:3 | Killed a bone dragon
 52421 | Vaults:3 | Found Aroskeruv's Assorted Antiques.
 52504 | Vaults:3 | Found a staircase to the Crypt.
 52724 | Vaults:3 | Reached skill level 15 in Earth Magic
 53596 | Vaults:4 | Found a runed translucent gate.
 53596 | Vaults:4 | Found a runed translucent gate.
 53596 | Vaults:4 | Found a runed translucent gate.
 53596 | Vaults:4 | Noticed Joextigh's ghost (veteran KoHu)
 53848 | Vaults:4 | Reached XP level 20. HP: 117/117 MP: 28/44
 53946 | Vaults:4 | Found Gozag's Antique Armour Boutique.
 54008 | Vaults:4 | Found an opulent altar of Gozag.
 54012 | Vaults:4 | Found Gozag's Antique Weapon Shop.
 54014 | Vaults:4 | Found Gozag's Antique Weapon Boutique.
 57705 | Spider:4 | Entered Level 4 of the Spider Nest
 59357 | Spider:4 | Got a gossamer rune of Zot
 59385 | Spider:4 | Identified the scarf of Yesterday {+Inv, rC+ Str+3}
 59509 | Spider:4 | Identified the +1 pair of gloves of Experimentation {rF+
                  | Dex+5}
 59857 | Elf:1    | Entered Level 1 of the Elven Halls
 59996 | Elf:1    | Reached XP level 21. HP: 103/122 MP: 38/45
 60396 | Elf:1    | Found Kebenah's Jewellery Emporium.
 60565 | Elf:1    | Got the Anthology of the Last Defenders
 60919 | Elf:2    | Found a crumbling gateway.
 60927 | Elf:2    | Paralysed by an air elemental for 1 turns
 60944 | Desolati | Entered the Desolation of Salt
 61128 | Desolati | Identified the +12 trident "Ykhlos" {chaos, rC- Dex+6 SInv
                  | Stlth+}
 61140 | Desolati | Identified the +4 hand axe "Weill" {heavy, rElec rC+}
 61144 | Desolati | Identified the +7 scimitar of Kola {flame, Fly rC- Dex+7}
 61373 | Desolati | Identified the ring of the Unkillable {rF+ rC++ Int+6}
 61415 | Desolati | Identified the ring "Tiomp" {rPois rC+++ Str+3 Int-5 SInv}
 61559 | Desolati | Identified the +2 falchion "Tidwug" {vamp, Str+3 Int+4
                  | Dex-5}
 61562 | Desolati | Got Fuwam's Handbook of the Twinkling Tesseract
 61664 | Desolati | Identified the ring of Polytheism {Fly Int+6}
 62435 | Elf:2    | Found a runed translucent gate.
 62442 | Elf:2    | Found a runed translucent gate.
 62443 | Elf:2    | Found a runed translucent gate.
 62834 | Elf:2    | Found a huge runed translucent gate.
 62835 | Elf:2    | Found a huge runed translucent gate.
 62835 | Elf:2    | Found a huge runed translucent gate.
 62835 | Elf:2    | Found a huge runed translucent gate.
 62836 | Elf:2    | Found a huge runed translucent gate.
 62836 | Elf:2    | Found a huge runed translucent gate.
 62836 | Elf:2    | Found a huge runed translucent gate.
 62836 | Elf:2    | Identified the +1 double sword of Freehold {flame, ^Drain
                  | rF++}
 62837 | Elf:2    | Found a huge runed translucent gate.
 62839 | Elf:2    | Identified the +6 orcbow of the Known World {heavy, rF++
                  | rCorr Int-2 Stlth+}
 62939 | Elf:2    | Identified the +0 double sword of a ziggurat {holy, Int+4}
 63138 | Elf:3    | Entered Level 3 of the Elven Halls
 63656 | Elf:3    | Identified the ring "Xymun" {rF++ Will- AC+4 Str+5}
 63792 | Elf:3    | Identified the ring of Ficaif {Fly rC+}
 63839 | Elf:3    | Identified the ring "Penigow" {Str+6 Dex+3}
 63842 | Elf:3    | Identified the +5 halberd "Avvo" {protect, rPois rC+ Dex+4
                  | Stlth-}
 63844 | Elf:3    | Reached XP level 22. HP: 126/127 MP: 36/46
 63919 | Elf:3    | Identified the staff of Grandeur {rN+ Conj Earth}
 64003 | Elf:3    | Found the +7 hand cannon "Mule" {flame, backblast, rF+}
 64028 | Elf:3    | Got the Guidebook on Wildfire and Gloom
 64043 | Elf:3    | Identified the +10 orcbow "Ruptom" {flame, rPois rF+}
 64055 | Elf:3    | Identified the +0 quarterstaff "Xityrche" {heavy, ^Fragile
                  | Int+5 Dex+3}
 64745 | Depths:1 | Entered Level 1 of the Depths
 64745 | Depths:1 | Found a one-way gate leading to the halls of Pandemonium.
 64831 | Depths:1 | Found an ornate altar of the Wu Jian Council.
 64894 | Depths:1 | Found a flickering gateway to a bazaar.
 64903 | Bazaar   | Entered a bazaar
 64916 | Bazaar   | Found Giugeusm's Antique Armour Emporium.
 64916 | Bazaar   | Found Couteinn's Distillery.
 64917 | Bazaar   | Found Zamagaq's Book Shop.
 64948 | Bazaar   | Found Zyvufe's Antique Armour Boutique.
 64956 | Bazaar   | Bought a pair of glowing gloves for 150 gold pieces
 64981 | Bazaar   | Bought a potion of brilliance for 48 gold pieces
 64981 | Bazaar   | Bought a potion of brilliance for 48 gold pieces
 64981 | Bazaar   | Bought a potion of ambrosia for 96 gold pieces
 66073 | Depths:1 | Identified the +5 demon whip of Beogh's Generosity {drain,
                  | rElec rPois MP-9 SInv}
 66245 | Depths:1 | Found a gateway to Hell.
 66959 | Depths:2 | Found Raebue's Antique Weapon Emporium.
 67035 | Depths:2 | Found a one-way gate to the infinite horrors of the Abyss.
 67099 | Depths:2 | Reached skill level 27 in Earth Magic
 67147 | Depths:2 | Reached skill level 1 in Staves
 67152 | Depths:2 | Identified the +7 dagger "Fokk" {venom, Int+8}
 67452 | Depths:2 | Found a one-way gateway to a ziggurat.
 67467 | Depths:2 | Reached XP level 23. HP: 132/132 MP: 37/47
 68189 | Depths:3 | Reached skill level 5 in Staves
 68789 | Depths:3 | Noticed Norris
 68794 | Depths:3 | Killed Norris
 69219 | Depths:3 | Identified the ring "Jesavaon" {Ice rPois}
 69532 | Depths:4 | Entered Level 4 of the Depths
 69539 | Depths:4 | Reached skill level 10 in Evocations
 69851 | Depths:4 | Found a gate to the Realm of Zot.
 70110 | Depths:4 | Noticed a juggernaut
 70148 | Depths:4 | Killed a juggernaut
 70383 | Depths:4 | Reached skill level 10 in Staves
 70646 | Depths:4 | Found Saev's Assorted Antiques.
 71575 | Vaults:4 | Killed Joextigh's ghost
 71687 | Vaults:5 | Entered Level 5 of the Vaults
 71740 | Vaults:5 | Found Qahiphee's Magic Scroll Shop.
 71800 | Vaults:5 | Noticed a dread lich
 71802 | Vaults:5 | Killed a dread lich
 71803 | Vaults:5 | Reached XP level 24. HP: 100/137 MP: 47/47
 72175 | Vaults:5 | Noticed a dread lich
 72177 | Vaults:5 | Killed a dread lich
 72688 | Vaults:5 | Found Usamoisch's Jewellery Shoppe.
 72698 | Vaults:5 | Found Peuvinwi's Antique Armour Shoppe.
 72955 | Vaults:5 | Got a silver rune of Zot
 73163 | Vaults:5 | Found Pillyul's Distillery.
 73450 | Vaults:5 | Found Nine Xaz's Distillery.
 73455 | Vaults:5 | Bought a potion of heal wounds for 55 gold pieces
 73455 | Vaults:5 | Bought a potion of heal wounds for 55 gold pieces
 73552 | Vaults:5 | Found Kelas's Distillery.
 74240 | Crypt:1  | Entered Level 1 of the Crypt
 75410 | Crypt:2  | Found a magical portal.
 75419 | WizLab   | Entered Eringya's Formal Garden
 75986 | WizLab   | Found a blossoming altar of Fedhas.
 76189 | WizLab   | Found a blossoming altar of Fedhas.
 76981 | Crypt:2  | Noticed a royal mummy
 76984 | Crypt:2  | Killed a royal mummy
 77300 | Crypt:3  | Entered Level 3 of the Crypt
 77553 | Crypt:3  | Noticed a dread lich
 77557 | Crypt:3  | Killed a dread lich
 77575 | Crypt:3  | Reached XP level 25. HP: 141/141 MP: 35/51
 77952 | Crypt:3  | Noticed Zenata
 78050 | Crypt:3  | Killed Zenata
 78051 | Crypt:3  | Reached skill level 27 in Dodging
 78356 | Crypt:3  | Identified the ring of Discretion {rPois rC+ Stlth+}
 78465 | Crypt:3  | Noticed Xtahua
 78477 | Crypt:3  | Killed Xtahua
 78987 | Crypt:3  | Found a staircase to the Tomb.
 79070 | Crypt:3  | Identified the ring of Cogeiv {Fire rPois}
 79330 | Crypt:3  | Found a basalt altar of Yredelemnul.
 79471 | Crypt:3  | Identified the staff of Superiority {rF+ rN+ Dex+4 Necro}
 79471 | Crypt:3  | Identified the death talisman of the Blizzard {Int+4
                  | Stlth-}
 79523 | Crypt:3  | Identified the ring "Hannile" {Fly rC+ rN+}
 79640 | Crypt:3  | Identified the ring "Lioz" {rN+ Will+}
 80230 | Zot:1    | Entered Level 1 of the Realm of Zot
 80267 | Zot:1    | Found a transporter.
 80708 | Zot:1    | Found a transporter.
 80860 | Zot:1    | Noticed an orb of fire
 80867 | Zot:1    | Killed an orb of fire
 81225 | Zot:1    | Noticed an orb of fire
 81283 | Zot:1    | Killed an orb of fire
 81481 | Zot:1    | Identified the +8 halberd of the Thieving Eel {pain, Str+4
                  | Int+4}
 81486 | Zot:1    | Identified the ring of the Bursting Messenger {rPois Dex+3
                  | SInv}
 81499 | Zot:1    | Identified the ring "Giutomuv" {rC+ Str+6}
 81806 | Zot:2    | Noticed Parghit
 81810 | Zot:2    | Killed Parghit
 83621 | Zot:3    | Reached XP level 26. HP: 147/147 MP: 51/51
 83742 | Zot:3    | Identified the +1 whip of Cowardice {freeze, ^Fragile rN+
                  | Int+6}
 84333 | Zot:3    | Noticed a dread lich
 84334 | Zot:3    | Killed a dread lich
 84335 | Zot:3    | Noticed an orb of fire
 84338 | Zot:3    | Killed an orb of fire
 85341 | Zot:4    | Found the +4 dragonskin cloak
 85341 | Zot:4    | Noticed Tiamat
 85348 | Zot:4    | Killed Tiamat
 85823 | Zot:4    | Upgraded the game from 0.32-a0-306-gfed3edf829 to
                  | 0.32-a0-314-g526f7d4993
 86261 | Lair:4   | Found a staircase to the Slime Pits.
 86310 | Slime:1  | Entered Level 1 of the Pits of Slime
 86910 | Slime:3  | Reached skill level 27 in Conjurations
 87108 | Slime:4  | Noticed Dissolution
 87111 | Slime:4  | Paralysed by a formless jellyfish for 1 turns
 87114 | Slime:4  | Killed Dissolution
 87464 | Slime:5  | Entered Level 5 of the Pits of Slime
 87583 | Slime:5  | Noticed the Royal Jelly
 87593 | Slime:5  | Killed the Royal Jelly
 87915 | Slime:5  | Paralysed by a formless jellyfish for 1 turns
 88050 | Slime:5  | Identified the +9 rapier "Bilaig" {freeze, rF+}
 88057 | Slime:5  | Got a slimy rune of Zot
 88065 | Slime:5  | Identified the staff "Hellblazer" {*Slow rF+ rC+ Hexes
                  | Earth}
 88106 | Slime:5  | Got Feogras's Lessons on Phlogiston and Tinctures
 88369 | Slime:5  | Identified the +6 hand axe "Widowermaker" {drain, Int+5}
 88553 | Slime:5  | Identified the +3 short sword "Dedienew" {heavy, rElec}
 88556 | Slime:5  | Identified the amulet of Atheism {Spirit rCorr}
 88575 | Slime:5  | Identified the ring "Archeis Hiog" {Wiz rPois}
 88585 | Slime:5  | Acquired the crystal ball of Wucad Mu {*channel}
 88585 | Slime:5  | Found the crystal ball of Wucad Mu {*channel}
 89904 | Zot:5    | Entered Level 5 of the Realm of Zot
 89905 | Zot:5    | Noticed an ancient lich
 89910 | Zot:5    | Killed an ancient lich
 89911 | Zot:5    | Reached XP level 27. HP: 155/155 MP: 24/51
 90352 | Zot:5    | Noticed an orb of fire
 90355 | Zot:5    | Gained mutation: You expend magic power (3 MP) to
                  | strengthen your wands. [an orb of fire]
 90356 | Zot:5    | Killed an orb of fire
 90357 | Zot:5    | Reached skill level 10 in Stealth
 90913 | Zot:5    | Noticed an orb of fire
 90914 | Zot:5    | Gained mutation: You are dopey. (Int -2) [an orb of fire]
 90916 | Zot:5    | Killed an orb of fire
 90962 | Zot:5    | Noticed an orb of fire
 90965 | Zot:5    | Killed an orb of fire
 91329 | Zot:5    | Noticed a dread lich
 91331 | Zot:5    | Killed a dread lich
 91332 | Zot:5    | Noticed a dread lich
 91335 | Zot:5    | Noticed an orb of fire
 91336 | Zot:5    | Killed a dread lich
 91339 | Zot:5    | Killed an orb of fire
 91455 | Zot:5    | Noticed an orb of fire
 91457 | Zot:5    | Killed an orb of fire
 91472 | Zot:5    | Noticed an ancient lich
 91476 | Zot:5    | Killed an ancient lich
 91764 | Zot:5    | Reached skill level 15 in Evocations
 92672 | Zot:5    | Got the Orb of Zot
 92788 | Zot:1    | Noticed Ytoastre the pandemonium lord
 92967 | D:9      | Noticed Suymmivi the pandemonium lord
 92971 | D:9      | Gained mutation: You are clumsy. (Dex -2) [a cacodemon]
 93145 | D:$      | Escaped with the Orb!

Illustrated notes

Levels and vault maps discovered:
D:1:      giann_forest_graveyard, layout_loops_corners,
          nicolae_kite_square_tiling_tiny
D:2:      cheibrodos_fertilizer, layout_basic, uniq_jessica
D:3:      layout_rooms, kennysheep_slug_shrine,
          mainiacjoe_overflow_divided_tiny, serial_shops,
          nicolae_shop_real_fake_doors
D:4:      minmay_bubble_buster, layout_layer_cave,
          beargit_hepliaklqana_dungeon_heroes, marbit_many_paths,
          serial_bayou_crossing, uniq_blork_the_orc, uniq_robin
D:5:      layout_basic, lemuel_tele_altar, kennysheep_cluttered_room,
          minmay_manual_moon
D:6:      gammafunk_steamed_eel, layout_rooms, minmay_temple_entry_large_hall,
          grunt_ministairs_3
D:7:      layout_basic, serial_shops, shop, shop,
          nicolae_shop_just_a_little_nook, shop_fountains, uniq_maggie,
          uniq_joseph
D:8:      layout_cave_pods, mainiacjoe_overflow_large_starburst,
          kennysheep_little_box, mainiacjoe_overflow_cross_hatched, uniq_maurice
D:9:      layout_loops_ring, david_orc_5, minivault_26, dreamdust_gnoll_shepherd
D:10:     layout_irregular_city, nicolae_overflow_crystal_walls,
          nemelex_diamond_rough_becter, nicolae_ashenzari_panopticon,
          lair_entry_dummy, kennysheep_generic_room_8
D:11:     layout_roguey, uniq_grum, uniq_sonja
D:12:     layout_long_grid, hangedman_abyss_or_decor_stagger,
          water_boxes_lemuel, uniq_urug
D:13:     layout_roguey, hellmonk_vaults_keyhole
D:14:     nzn_winding_woodlands_stair_trap [nzn_winding_woodlands_5x15_pool,
          nzn_winding_woodlands_5x15_sidewinder,
          nzn_winding_woodlands_5x15_twine,
          nzn_winding_woodlands_15x15_five_gardens,
          nzn_winding_woodlands_5x15_garden, nzn_winding_woodlands_5x15_eye,
          nzn_winding_woodlands_5x15_crooked], layout_small_grid,
          serial_bayou_pond_a, item_on_display_a, uniq_josephine, uniq_jorgrun,
          uniq_rupert
D:15:     gammafunk_enter_depths_forms, layout_loops_cross, nrook_pool_corridor
Temple:   nicolae_temple_figure_zero
Lair:1:   layout_regular_city, grunt_megastairs_2
Lair:2:   layout_chaotic_city, minmay_shoals_entry_beasts, spider_nest_entry_a
Lair:3:   layout_gridlike, grunt_megastairs_1
Lair:4:   layout_cellular_growth, minmay_slime_entry_oklob_enclosed
Lair:5:   grunt_lair_end_beastmaster, layout_gridlike,
          infiniplex_staircase_pool_2, serial_bayou_shore_a
Shoals:1: layout_shoals, nicolae_shoals_water_shrine
Shoals:2: nicolae_shoals_aurelia_aurita, layout_shoals,
          nicolae_shoals_enchanted_isle
Shoals:3: layout_shoals, nicolae_shoals_sun_and_surf, uniq_mara,
          uniq_polyphemus, uniq_bai_suzhen
Shoals:4: shoals_end_hellmonk_storm_palace [storm_palace_center_square,
          storm_palace_corner_pillars, storm_palace_corner_grid,
          storm_palace_corner_narrow, storm_palace_corner_pillars]
Spider:1: layout_chambers, nicolae_spider_eight_legs, uniq_roxanne, uniq_agnes,
          uniq_asterion, uniq_mlioglotl
Spider:2: layout_cave_pods
Spider:3: spider_temple_joshua
Spider:4: hellmonk_spider_rune_bug_friends, hellmonk_motheaten_closet
Slime:1:  layout_caves
Slime:2:  layout_caves
Slime:3:  layout_caves
Slime:4:  layout_caves, uniq_dissolution
Slime:5:  slime_pit_nicolae_amoeboid
Orc:1:    layout_diamond_mine, mines4_lemuel, uniq_erolcha
Orc:2:    st_orc_ogre_mass, layout_caves, serial_shops, shop,
          nicolae_shop_hallway_plus, nicolae_shop_rolled_up,
          nicolae_shop_peninsula
Elf:1:    nicolae_elf_arrival_fired_up, layout_geoelf_octagon, serial_shops,
          shop, minmay_elf_demonology
Elf:2:    elven_hall_of_blades_hangedman_original
          [nicolae_blade_entry_diamond_columns], layout_geoelf_octagon,
          portal_desolation_entry_nicolae_slug, minivault_5,
          minmay_misc_feat_diagonals, nicolae_elf_double_double_double_trouble
Elf:3:    grunt_elf_hall_asides, layout_rooms
Vaults:1: nicolae_vaults_theta, vaults_dpeg_emergency_exit,
          hangedman_vaults_snaps, v_misc_14, nicolae_vaults_closet_pinwheel_4,
          grunt_vaults_trifunnel, v_misc_14, nicolae_vaults_halls_meeting,
          vaults_room_grunt_arrival_ludios, nicolae_vaults_diagonal_hallway_7,
          nicolae_vaults_mini_display_case,
          vaults_room_grunt_arrival_checkpoint, layout_vaults_maze_bifur,
          serial_shops, freezing_bzr, uniq_saint_roka
Vaults:2: dpeg_vaults_monster_box, nicolae_vaults_trapezoid_lopsided_3,
          v_misc_10, grunt_vaults_focal, nicolae_vaults_double_plus_1,
          hangedman_vaults_trim, hangedman_vaults_impose,
          nicolae_vaults_security_offices_5, ontoclasm_vaults_gateway,
          nicolae_vaults_stepped_doors, nicolae_vaults_rhombus_7,
          vaults_room_hallway, nicolae_vaults_tetromino_Z_2,
          layout_vaults_omnicross
Vaults:3: hangedman_vaults_stagger, nicolae_vaults_theta,
          hangedman_vaults_corner, vaults_dpeg_spiral,
          ontoclasm_vaults_loading_screen, v_misc_32,
          layout_vaults_chaotic_city, minmay_crypt_entry_nasty_monster,
          serial_shops, shop
Vaults:4: ebering_ghost_rock_garden, v_misc_1, grunt_vaults_hallway_short,
          vaults_room_boxed, kennysheep_vaults_gozag_temple,
          nicolae_vaults_oval_intersection, layout_vaults_omnigrid
Vaults:5
Crypt:1:  layout_misc_corridors, grunt_megastairs_3
Crypt:2:  layout_chaotic_city, mu_enter_wizlab_5, nicolae_crypt_sons_of_ramesses
Crypt:3:  church_of_pain_bobbens, layout_chaotic_city,
          nicolae_tomb_entry_grand_gallery, uniq_xtahua, uniq_zenata
Depths:1: layout_gridlike, hellmouth_1, ebering_dispersal_statue_hall,
          serial_shops, bzr_entry_lakeside, pan_entry, kennysheep_minor_cross,
          roadster_trireme
Depths:2: cheibrodos_leafed_vault, layout_cave_pools, enter_ziggurat_e,
          abyss_entry_small_statue_room, rand_demon_pan_entry_7,
          nicolae_elevator_lobby_plus, grunt_hell_entry_dis_mu,
          nicolae_stop_n_shop_1
Depths:3: kennysheep_demon_jail, layout_cave_pools, abyss_entry_crystal,
          hell_entry, moated_statue, uniq_norris
Depths:4: evilmike_zot_entry_argh, layout_cross, serial_shops, shop,
          pf_coc_iceberg, hangedman_glass_teeth
Zot:1:    gammafunk_its_a_trap, layout_misc_corridors
Zot:2:    layout_misc_corridors, grunt_megastairs_5, uniq_parghit
Zot:3:    layout_basic, regret_index_zotdec_under_construction,
          hangedman_player_shredder
Zot:4:    layout_misc_corridors, regret_index_zotdec_banners, uniq_tiamat
Zot:5:    layout_twisted_circle

Skill      XL: |  1  2  3  4  5  6  7  8  9 10 11 12 13 14 15 16 17 18 19 20 21 22 23 24 25 26 27 |
---------------+----------------------------------------------------------------------------------+-----
Conjurations   | 5 6 7 9 10 12 14 15 16 18 19 20 24 27 | 27.0
Translocations | 2 3 |  3.0
Dodging        | 3 5 7 8 10 13 15 17 19 20 22 23 26 27 | 27.0
Spellcasting   | 4 6 15 16 18 22 | 22.0
Short Blades   | 4 6 10 | 10.0
Stealth        | 5 9 10 | 10.0
Earth Magic    | 10 16 20 24 27 | 27.0
Armour         | 1 |  1.7
Fighting       | 1 5 6 9 10 11 13 | 13.8
Shields        | 3 |  3.1
Evocations     | 6 7 10 11 15 | 15.0
Staves         | 3 12 | 12.0

Action                     |  1- 3 |  4- 6 |  7- 9 | 10-12 | 13-15 | 16-18 | 19-21 | 22-24 | 25-27 || total
---------------------------+-------+-------+-------+-------+-------+-------+-------+-------+-------++-------
  Melee: Unarmed           |     9 |       |       |       |       |       |       |       |       ||     9
         Dagger            |     8 |    41 |   101 |   316 |    37 |    95 |       |       |       ||   598
         Staff             |       |       |     5 |    15 |    24 |    19 |    29 |    31 |    10 ||   133
   Cast: Magic Dart        |    68 |    79 |   102 |   143 |     1 |     1 |       |       |       ||   394
         Searing Ray       |       |     8 |    16 |    37 |       |       |       |       |       ||    61
         Iskenderun's Myst |       |     2 |    11 |    39 |    26 |    35 |    23 |     4 |     8 ||   148
         Mephitic Cloud    |       |       |     9 |    29 |    14 |     7 |     1 |       |       ||    60
         Bombard           |       |       |       |    60 |   347 |   447 |   383 |   104 |   204 ||  1545
         Lee's Rapid Decon |       |       |       |     4 |    52 |    67 |     2 |     8 |       ||   133
         Orb of Destructio |       |       |       |       |     1 |   159 |    38 |    57 |    33 ||   288
         Shatter           |       |       |       |       |       |       |   167 |   277 |   249 ||   693
         Lehudib's Crystal |       |       |       |       |       |       |    12 |       |    30 ||    42
  Evoke: Wand              |       |       |     2 |     9 |     4 |     1 |       |       |     1 ||    17
         Lightning rod     |       |       |       |       |       |       |       |     4 |       ||     4
    Use: Potion            |     1 |       |       |     4 |       |     1 |       |     1 |     2 ||     9
         Scroll            |       |       |    13 |     6 |     9 |    11 |     2 |     3 |     6 ||    50
   Stab: Sleeping          |     1 |     2 |     8 |     3 |     1 |       |       |       |       ||    15
         Confused          |       |       |     1 |    24 |     3 |     4 |       |       |       ||    32
         Distracted        |       |       |       |       |     1 |       |       |       |       ||     1
 Armour: Robe              |    16 |    20 |    36 |       |    36 |   134 |   144 |    79 |   120 ||   585
         Steam dragon scal |       |       |    19 |   135 |    20 |       |       |       |       ||   174
  Dodge: Dodged            |    19 |    30 |    94 |   365 |   207 |   321 |   322 |   207 |   229 ||  1794
  Block: Buckler           |       |       |       |       |       |     4 |       |       |       ||     4

Table legend: (Time is in decaauts)
 A = Elapsed time spent in this place.
 B = Non-inter-level travel time spent in this place.
 C = Inter-level travel time spent in this place.
 D = Time resting spent in this place.
 E = Time spent auto-exploring this place.
 F = Levels seen in this place.
 G = Mean time per level.
                   A        B        C        D        E       F      G
               +--------+--------+--------+--------+--------+-----+--------+
         Total |  93705 |  84121 |   9584 |  18633 |  52576 |  60 | 1561.8 |
       Dungeon |  22813 |  19164 |   3649 |   1911 |  14524 |  15 | 1520.9 |
        Temple |     20 |      1 |     19 |      0 |      0 |   1 |   20.0 |
          Lair |  10377 |   9123 |   1254 |   2489 |   5059 |   5 | 2075.4 |
        Shoals |   8249 |   7588 |    661 |   1875 |   4449 |   4 | 2062.2 |
   Spider Nest |   7705 |   7289 |    416 |   2472 |   3828 |   4 | 1926.2 |
    Slime Pits |   2544 |   2465 |     79 |   1553 |    405 |   5 |  508.8 |
  Orcish Mines |   5105 |   4447 |    658 |   2125 |   1697 |   2 | 2552.5 |
   Elven Halls |   3054 |   2881 |    173 |    599 |   1820 |   3 | 1018.0 |
        Vaults |  11807 |  10707 |   1100 |   1739 |   7553 |   5 | 2361.4 |
         Crypt |   4485 |   4337 |    148 |    657 |   2934 |   3 | 1495.0 |
        Depths |   6267 |   5589 |    678 |   1308 |   3353 |   4 | 1566.8 |
           Zot |   8677 |   7932 |    745 |   1794 |   5227 |   5 | 1735.4 |
        Bazaar |    168 |    168 |      0 |      0 |     97 |   2 |   84.0 |
        Wizlab |   1044 |   1044 |      0 |     50 |    796 |   1 | 1044.0 |
    Desolation |   1382 |   1382 |      0 |     61 |    831 |   1 | 1382.0 |
               +--------+--------+--------+--------+--------+-----+--------+

Top non-repeatable levels by time:
    D:14: 2937 daAuts
Vaults:4: 2899 daAuts
Vaults:3: 2854 daAuts
  Lair:4: 2828 daAuts
Spider:3: 2774 daAuts
Shoals:4: 2711 daAuts
   Orc:2: 2678 daAuts
Vaults:1: 2669 daAuts
Spider:1: 2526 daAuts
   Orc:1: 2427 daAuts
  Lair:5: 2344 daAuts
     D:4: 2270 daAuts
Vaults:2: 2208 daAuts
Shoals:3: 2187 daAuts
   Zot:4: 2150 daAuts
